[Event "2026 Biel Blitz Open"]
[Site "Biel, CH"]
[Date "2026.07.19"]
[Round "6"]
[White "Alexakis, Dimitris"]
[Black "Gautier, Anand"]
[Result "0-1"]
[Board "7"]
[TimeControl "180+2"]
[WhiteFideId "4277023"]
[BlackFideId "26010186"]
[WhiteElo "2459"]
[BlackElo "2198"]
[WhiteTitle "GM"]
[BlackTitle "FM"]
[WhiteClock "0:00:03"]
[BlackClock "0:00:07"]
[Variant "Standard"]
[EndDate "2026.07.19"]
[EndTime "13:29:15"]

1. e4 c5 2. Nf3 d6 3. d4 cxd4 4. Nxd4 Nf6 5. Nc3 a6 6. h3 g6 7. g4 Bg7 8. Be3 b5 9. Bg2 Bb7 10. g5 Nfd7 11. h4 Nc5 12. b4 Ne6 13. Nd5 Nc6 14. Nxe6 fxe6 15. Bb6 Qd7 16. Nc7+ Kf7 17. Bh3 Nd8 18. Nxa8 Bxe4 19. O-O Bxa8 20. Bd4 Qc6 21. f3 Rf8 22. Bg2 Bxd4+ 23. Qxd4 e5 24. Qd2 Ne6 25. Bh3 Nf4 26. Bg4 Kg7 27. a4 bxa4 28. c4 Qxc4 29. Kh2 Qb5 30. Rfc1 Bd5 31. Rc7 Rf7 32. Qc2 Bb3 33. Qd2 h6 34. gxh6+ Kxh6 35. Rac1 a3 36. R7c3 Bd5 37. Rxa3 Kg7 38. Ra5 Qb7 39. Ra3 Ne6 40. Rd3 Nd4 41. Rxd4 exd4 42. h5 Bxf3 43. Qg5 Qe4 44. Re1 Qxe1 45. Qxg6+ Kf8 46. Qh6+ Rg7 47. Qh8+ Kf7 48. Bxf3 Qf2+ 0-1

[Event "2026 Biel Blitz Open"]
[Site "Biel, CH"]
[Date "2026.07.19"]
[Round "6"]
[White "Elmi, Saad Abobaker"]
[Black "Liu, Bei"]
[Result "1-0"]
[Board "8"]
[TimeControl "180+2"]
[WhiteFideId "1553259"]
[BlackFideId "8603596"]
[WhiteElo "2409"]
[BlackElo "2170"]
[WhiteTitle "IM"]
[WhiteClock "0:00:07"]
[BlackClock "0:00:07"]
[Variant "Standard"]
[EndDate "2026.07.19"]
[EndTime "13:38:50"]

1. d4 d5 2. c4 c6 3. Nf3 Nf6 4. Nc3 dxc4 5. a4 Bf5 6. e3 e6 7. Bxc4 Bb4 8. O-O O-O 9. Qe2 Nbd7 10. Rd1 Bg6 11. Bd3 Bxd3 12. Rxd3 Qe7 13. e4 e5 14. Bg5 exd4 15. Rxd4 Bc5 16. Rd3 h6 17. Bxf6 Nxf6 18. e5 Nh7 19. h4 Rfe8 20. Ne4 Nf8 21. Rad1 Bb6 22. h5 Qb4 23. b3 Ne6 24. g3 Rad8 25. Nd6 Qg4 26. Nd4 Qxe2 27. Nxe2 Re7 28. b4 a5 29. Nc4 Rxd3 30. Rxd3 Bc7 31. bxa5 Nc5 32. Re3 Nxa4 33. Nd4 Nc5 34. Nf5 Re8 35. f4 Ra8 36. Ra3 Kf8 37. Kf2 Rd8 38. Nfd6 Ke7 39. Ke3 f6 40. Nf5+ Kf7 41. Nfd6+ Ke7 42. Ne4 Nxe4 43. Kxe4 fxe5 44. fxe5 Ra8 45. Rb3 Ra7 46. Kf5 Kf7 47. g4 Bd8 48. Rxb7+ Rxb7 49. Nd6+ Ke7 50. Nxb7 Bc7 51. a6 Bb6 52. Nd6 Kd7 53. Nc4 Bd4 54. e6+ Ke7 55. Nd6 Kxd6 56. e7 1-0

[Event "2026 Biel Blitz Open"]
[Site "Biel, CH"]
[Date "2026.07.19"]
[Round "6"]
[White "Hakimifard, Ghazal"]
[Black "Thorfinnsson, Bjorn"]
[Result "0-1"]
[Board "9"]
[TimeControl "180+2"]
[WhiteFideId "12506540"]
[BlackFideId "2300982"]
[WhiteElo "2130"]
[BlackElo "2396"]
[WhiteTitle "WGM"]
[BlackTitle "IM"]
[WhiteClock "0:00:37"]
[BlackClock "0:01:43"]
[Variant "Standard"]
[EndDate "2026.07.19"]
[EndTime "13:26:44"]

1. e4 e5 2. Nf3 Nc6 3. Bb5 Nge7 4. c3 d6 5. O-O Bd7 6. Re1 Ng6 7. d4 Be7 8. d5 Nb8 9. Bxd7+ Nxd7 10. c4 O-O 11. Nc3 a5 12. Rb1 Nc5 13. Be3 b6 14. Qc2 Qd7 15. b3 f5 16. exf5 Rxf5 17. Nd2 Raf8 18. a3 Bg5 19. b4 Bxe3 20. fxe3 Rf2 21. bxc5 Nh4 22. Qe4 Rxg2+ 23. Qxg2 Nxg2 24. Kxg2 Qg4+ 25. Kh1 Rf2 26. Rg1 Qh3 0-1

[Event "2026 Biel Blitz Open"]
[Site "Biel, CH"]
[Date "2026.07.19"]
[Round "6"]
[White "Shukhman, Anna"]
[Black "Ashwath Kaushik"]
[Result "1-0"]
[Board "10"]
[TimeControl "180+2"]
[WhiteFideId "54180058"]
[BlackFideId "33387230"]
[WhiteElo "2392"]
[BlackElo "2122"]
[WhiteTitle "WGM"]
[BlackTitle "FM"]
[WhiteClock "0:00:13"]
[BlackClock "0:00:13"]
[Variant "Standard"]
[EndDate "2026.07.19"]
[EndTime "13:30:15"]

1. e4 e6 2. d4 d5 3. Nc3 Nf6 4. e5 Nfd7 5. f4 c5 6. Nf3 Nc6 7. Be3 a6 8. Qd2 b5 9. h4 Qb6 10. a3 cxd4 11. Nxd4 Bc5 12. Nce2 a5 13. Rh3 Bb7 14. h5 b4 15. a4 Ba6 16. Nxc6 Qxc6 17. h6 Bxe3 18. Rxe3 gxh6 19. Nd4 Qb6 20. Nb5 Nc5 21. Qd4 Bxb5 22. Bxb5+ Ke7 23. O-O-O Nd7 24. Qd2 Rhg8 25. Rh3 Nc5 26. f5 exf5 27. Rxh6 Ne6 28. Rxh7 Rh8 29. Qxd5 Rhd8 30. Qf3 Rxd1+ 31. Qxd1 Rd8 32. Qe1 Qd4 33. Qh4+ Qxh4 34. Rxh4 Rd5 35. Rh8 Rxe5 36. Ra8 Nd4 37. Rxa5 f4 38. Ra7+ Kf6 39. Bd3 Rg5 40. Be4 Re5 41. Ba8 Re2 42. Rd7 Nxc2 43. Bf3 Rf2 44. Rd2 Rxd2 45. Kxd2 Nd4 46. Kd3 Ke5 47. a5 Nb3 48. Kc4 Nd2+ 49. Kxb4 Kd6 50. Kc3 Nf1 51. b4 Ne3 52. Kd4 f5 53. a6 Nc2+ 54. Kc4 Na3+ 55. Kb3 Nb5 56. Ka4 Na7 57. Ka5 Kc7 58. b5 Nc8 59. a7 Nxa7 60. b6+ Kb8 61. bxa7+ Kxa7 62. Kb5 Kb8 63. Kc5 Kc7 64. Kd5 1-0

[Event "2026 Biel Blitz Open"]
[Site "Biel, CH"]
[Date "2026.07.19"]
[Round "6"]
[White "Dong, Hongfu"]
[Black "Habibi, Ali"]
[Result "1-0"]
[Board "11"]
[TimeControl "180+2"]
[WhiteFideId "8626960"]
[BlackFideId "4604393"]
[WhiteElo "2290"]
[BlackElo "2116"]
[BlackTitle "IM"]
[WhiteClock "0:00:49"]
[BlackClock "0:00:08"]
[Variant "Standard"]
[EndDate "2026.07.19"]
[EndTime "13:28:36"]

1. e4 c5 2. Nf3 a6 3. c4 e6 4. Nc3 Qc7 5. d4 cxd4 6. Nxd4 d6 7. Be3 Nf6 8. Be2 Be7 9. g4 h6 10. Rc1 Nbd7 11. f4 g6 12. O-O b6 13. Bf3 Bb7 14. Qe2 Rc8 15. b3 Qb8 16. Bg2 h5 17. h3 hxg4 18. hxg4 e5 19. g5 Nh5 20. Nd5 exd4 21. Bxd4 Rh7 22. Qg4 Rd8 23. f5 Bc8 24. fxg6 fxg6 25. Qe6 Nf8 26. Rxf8+ Kxf8 27. Rf1+ Ke8 28. Qxg6+ Kd7 29. Qxh7 Ng3 30. Qxe7+ Kc6 31. Nb4# 1-0

[Event "2026 Biel Blitz Open"]
[Site "Biel, CH"]
[Date "2026.07.19"]
[Round "6"]
[White "Kukushkin, Ivan"]
[Black "Rappazzo, Johannes"]
[Result "1-0"]
[Board "12"]
[TimeControl "180+2"]
[WhiteFideId "11634103"]
[BlackFideId "1340069"]
[WhiteElo "2265"]
[BlackElo "2032"]
[WhiteTitle "FM"]
[BlackTitle "FM"]
[WhiteClock "0:00:41"]
[BlackClock "0:00:07"]
[Variant "Standard"]
[EndDate "2026.07.19"]
[EndTime "13:29:14"]

1. e4 c5 2. Nf3 d6 3. d4 cxd4 4. Nxd4 Nf6 5. f3 e5 6. Nb3 Be7 7. c4 a5 8. Be3 O-O 9. Nc3 a4 10. Nc1 Qa5 11. Qd2 Bd8 12. Be2 Bb6 13. O-O Nc6 14. Bxb6 Qxb6+ 15. Kh1 Be6 16. Nd5 Bxd5 17. exd5 Nd4 18. Bd3 Nd7 19. Ne2 Nxe2 20. Qxe2 Nc5 21. Rae1 f5 22. Bb1 a3 23. b3 Qa5 24. Qc2 b5 25. cxb5 Qxb5 26. Qd2 Qa5 27. Qe3 Rac8 28. Rc1 Na6 29. Qg5 Rxc1 30. Rxc1 h6 31. Qg6 Qd2 32. Rg1 Rf6 33. Qe8+ Kh7 34. Qc8 e4 35. Qxa6 e3 36. Qd3 Rf7 37. h3 Qf2 38. Rf1 Qd2 39. Kg1 Re7 40. Qxf5+ Kg8 41. Qc8+ Kf7 42. Qf5+ Kg8 43. Qh7+ Kf8 44. Bg6 Re5 45. Qh8+ Ke7 46. Qxg7+ Kd8 47. Qf8+ 1-0

[Event "2026 Biel Blitz Open"]
[Site "Biel, CH"]
[Date "2026.07.19"]
[Round "6"]
[White "Filipovic, Branko"]
[Black "Maruntis, Patrik-Robert"]
[Result "1-0"]
[Board "13"]
[TimeControl "180+2"]
[WhiteFideId "14507951"]
[BlackFideId "1259997"]
[WhiteElo "2109"]
[BlackElo "2167"]
[WhiteTitle "IM"]
[WhiteClock "0:02:25"]
[BlackClock "0:00:04"]
[Variant "Standard"]
[EndDate "2026.07.19"]
[EndTime "13:27:34"]

1. d4 d5 2. Bf4 e6 3. Nf3 Nf6 4. e3 Bd6 5. Nbd2 O-O 6. Bd3 c5 7. c3 Nc6 8. Bg3 b6 9. e4 dxe4 10. Nxe4 Nxe4 11. Bxe4 Bb7 12. dxc5 Bxc5 13. Qa4 Rc8 14. Rd1 Qe8 15. Bxh7+ Kh8 16. Qh4 g5 17. Qh6 1-0

[Event "2026 Biel Blitz Open"]
[Site "Biel, CH"]
[Date "2026.07.19"]
[Round "6"]
[White "Safarli, Eltaj"]
[Black "Tkhoruk, Roman"]
[Result "1-0"]
[Board "14"]
[TimeControl "180+2"]
[WhiteFideId "13402129"]
[BlackFideId "34161589"]
[WhiteElo "2619"]
[BlackElo "2055"]
[WhiteTitle "GM"]
[WhiteClock "0:02:08"]
[BlackClock "0:00:23"]
[Variant "Standard"]
[EndDate "2026.07.19"]
[EndTime "13:25:26"]

1. e4 c6 2. d4 d5 3. exd5 cxd5 4. c4 Nc6 5. Nc3 Nf6 6. Bg5 dxc4 7. d5 Ne5 8. Qd4 Ng6 9. Nf3 e6 10. Bxc4 exd5 11. Bb5+ Bd7 12. Bxf6 gxf6 13. Bxd7+ Qxd7 14. O-O Be7 15. Nxd5 Rd8 16. Rad1 Qd6 17. Rfe1 Ne5 18. Nxe5 fxe5 19. Rxe5 Rg8 20. Rde1 Kf8 21. Rxe7 1-0

[Event "2026 Biel Blitz Open"]
[Site "Biel, CH"]
[Date "2026.07.19"]
[Round "6"]
[White "Fogo Esquivel, Levi Kalani Alexander"]
[Black "Vihaan Dumir"]
[Result "1-0"]
[Board "15"]
[TimeControl "180+2"]
[WhiteFideId "5183189"]
[BlackFideId "25901010"]
[WhiteElo "2219"]
[BlackElo "1965"]
[WhiteTitle "FM"]
[BlackTitle "CM"]
[WhiteClock "0:00:21"]
[BlackClock "0:00:16"]
[Variant "Standard"]
[EndDate "2026.07.19"]
[EndTime "13:29:35"]

1. e4 c5 2. Nf3 e6 3. b3 d5 4. exd5 exd5 5. d4 Nf6 6. Bb2 Nc6 7. Be2 cxd4 8. Nxd4 Bc5 9. O-O O-O 10. Bf3 Re8 11. Nxc6 bxc6 12. Nc3 Bf5 13. Na4 Bd6 14. c4 Bc7 15. Rc1 Qd6 16. g3 Ne4 17. cxd5 cxd5 18. Qd4 Nf6 19. Rfe1 Rxe1+ 20. Rxe1 Bd7 21. Rc1 a5 22. Rd1 Bc6 23. Qh4 Rd8 24. Nc3 d4 25. Bxc6 Qxc6 26. Rxd4 Re8 27. Rd1 Be5 28. Qa4 Qf3 29. Re1 h5 30. Qb5 Qf5 31. Nd5 Ng4 32. Qxe8+ Kh7 33. Re2 Qb1+ 34. Kg2 Bxb2 35. Qe4+ Qxe4+ 36. Rxe4 f5 37. Ra4 Ne5 38. Rxa5 Nd3 39. Rb5 Bd4 40. Nf4 Nxf2 41. Rd5 Ba7 42. Rxf5 Ng4 43. Rxh5+ Kg8 44. Ra5 Bb6 45. Ra6 Bc5 46. h3 Ne3+ 47. Kf3 Nc2 48. Ra8+ Kf7 49. Ke4 Nb4 50. a3 Nc2 51. b4 Bf2 52. g4 g5 53. Nd3 Bg3 54. Ne5+ Ke6 55. Ra6+ Ke7 56. Rc6 Ne1 57. Kf5 Ng2 58. Rc7+ Kd6 59. Rd7# 1-0

[Event "2026 Biel Blitz Open"]
[Site "Biel, CH"]
[Date "2026.07.19"]
[Round "6"]
[White "Harish, Neeraj"]
[Black "Rohrer, Christophe"]
[Result "0-1"]
[Board "16"]
[TimeControl "180+2"]
[WhiteFideId "30958130"]
[BlackFideId "1326546"]
[WhiteElo "1920"]
[BlackElo "2216"]
[WhiteTitle "CM"]
[BlackTitle "FM"]
[WhiteClock "0:00:04"]
[BlackClock "0:00:28"]
[Variant "Standard"]
[EndDate "2026.07.19"]
[EndTime "13:29:14"]

1. e4 e5 2. Nf3 Nc6 3. Nc3 Nf6 4. a3 a6 5. d4 exd4 6. Nxd4 Bc5 7. Nb3 Ba7 8. Qe2 d6 9. Be3 Bxe3 10. Qxe3 Be6 11. O-O-O Qe7 12. f3 O-O 13. g4 b5 14. h4 b4 15. axb4 Nxb4 16. h5 a5 17. g5 Nd7 18. Nd4 a4 19. g6 a3 20. gxh7+ Kh8 21. h6 axb2+ 22. Kxb2 g6 23. Nxe6 Qxe6 24. Qd4+ Qf6 25. Qxb4 Rfb8 26. Bb5 Rxb5 27. Qxb5 Rb8 28. Qxb8+ Nxb8 29. Ra1 Nc6 30. Ra3 Kxh7 31. Kb1 Qxf3 32. Rc1 Ne5 33. Nb5 Qxe4 34. Nxc7 Qb4+ 35. Rb3 Qc5 36. Na6 Qa5 37. Nb4 Nc4 38. Nd3 Nd2+ 39. Kb2 Nxb3 40. Kxb3 Kxh6 41. Rh1+ Kg7 42. Rf1 Qd5+ 43. Kc3 g5 44. Kd2 Kg6 45. Ke3 f5 46. Rf2 Qe6+ 47. Kd2 Qe4 48. Re2 Qd5 49. Rf2 f4 50. Ke2 Qe4+ 51. Kd2 Qe3+ 52. Kd1 f3 53. Rh2 Qg1+ 0-1

[Event "2026 Biel Blitz Open"]
[Site "Biel, CH"]
[Date "2026.07.19"]
[Round "6"]
[White "Schweizer, Simon"]
[Black "Schweizer, Samuel"]
[Result "1-0"]
[Board "17"]
[TimeControl "180+2"]
[WhiteFideId "1325361"]
[BlackFideId "1325353"]
[WhiteElo "2182"]
[BlackElo "2006"]
[WhiteClock "0:01:02"]
[BlackClock "0:00:05"]
[Variant "Standard"]
[EndDate "2026.07.19"]
[EndTime "13:31:37"]

1. e4 a6 2. d4 e6 3. Nf3 d5 4. e5 c5 5. c3 Nc6 6. Bd3 cxd4 7. cxd4 h6 8. Nc3 Nge7 9. O-O g5 10. Be3 Bd7 11. Rc1 b5 12. Re1 Qb6 13. h3 Na5 14. b3 Nec6 15. Bb1 Ba3 16. Rc2 Nb4 17. Rd2 Rc8 18. Ne2 Rg8 19. Nh2 h5 20. Ng3 Rc1 21. Qxc1 Bxc1 22. Rxc1 g4 23. hxg4 hxg4 24. Nh5 Ke7 25. Nf6 Qd8 26. Nhxg4 Nbc6 27. Nxg8+ Qxg8 28. Nf6 Qg7 29. g4 b4 30. Bd3 Bc8 31. Rc5 Kd8 32. Kg2 Ke7 33. Kg3 Bb7 34. f4 Qf8 35. Rh2 Kd8 36. g5 Bc8 37. Rhc2 Bd7 38. Bxa6 Qe7 39. Bb5 Kc7 40. Rxd5 Bc8 41. Rd6 Bb7 42. d5 1-0

[Event "2026 Biel Blitz Open"]
[Site "Biel, CH"]
[Date "2026.07.19"]
[Round "6"]
[White "Materia, Matteo"]
[Black "Haimovich, Tal"]
[Result "0-1"]
[Board "18"]
[TimeControl "180+2"]
[WhiteFideId "45150575"]
[BlackFideId "2801698"]
[WhiteElo "1881"]
[BlackElo "2347"]
[BlackTitle "IM"]
[WhiteClock "0:00:08"]
[BlackClock "0:00:13"]
[Variant "Standard"]
[EndDate "2026.07.19"]
[EndTime "13:35:08"]

1. Nf3 Nf6 2. d4 d5 3. g3 c6 4. Bg2 Bg4 5. h3 Bh5 6. O-O Nbd7 7. Bf4 e6 8. a4 Be7 9. a5 O-O 10. a6 b6 11. Nbd2 Rc8 12. Ne5 Nxe5 13. Bxe5 Nd7 14. Bf4 Bf6 15. c3 c5 16. dxc5 Nxc5 17. Be3 e5 18. g4 Bg6 19. Nb3 Ne4 20. Nd2 Nc5 21. Nb3 e4 22. Bd4 Be7 23. f4 exf3 24. Bxf3 Ne4 25. Nd2 Bd6 26. Nxe4 dxe4 27. Bg2 Bb8 28. e3 Qd6 29. Rf4 Qe7 30. Rf1 Rc6 31. Qe2 Bd6 32. Qb5 Rfc8 33. Rad1 h6 34. Qe2 Qe6 35. Qb5 Rc4 36. Qb3 Qe7 37. Qb5 R4c6 38. Qb3 Bc5 39. Qd5 Kh7 40. Qb3 Bxd4 41. Rxd4 Qg5 42. Re1 Re8 43. Qc2 Rce6 44. Re2 Rf6 45. Rf2 Qxe3 46. Rdd2 Qc5 47. Kh1 e3 48. Rxf6 Bxc2 49. Rxc2 gxf6 0-1

[Event "2026 Biel Blitz Open"]
[Site "Biel, CH"]
[Date "2026.07.19"]
[Round "6"]
[White "Tureshbayev, Anuar"]
[Black "Altenburger, Rene"]
[Result "1-0"]
[Board "19"]
[TimeControl "180+2"]
[WhiteFideId "651081709"]
[BlackFideId "1305581"]
[WhiteElo "2328"]
[BlackElo "1990"]
[WhiteTitle "FM"]
[WhiteClock "0:00:07"]
[BlackClock "0:00:21"]
[Variant "Standard"]
[EndDate "2026.07.19"]
[EndTime "13:29:05"]

1. e4 e5 2. Nf3 Nf6 3. d3 Nc6 4. g3 Bc5 5. Bg2 O-O 6. O-O h6 7. c3 Bb6 8. d4 d6 9. d5 Ne7 10. Nbd2 Bg4 11. h3 Bd7 12. a4 a6 13. a5 Ba7 14. g4 Ng6 15. Re1 Nf4 16. Nf1 g5 17. Ng3 Qc8 18. Bxf4 gxf4 19. Nf5 Bxf5 20. exf5 Qd7 21. Qc2 Qb5 22. Nd2 Qc5 23. Ne4 Nxe4 24. Bxe4 f6 25. b4 Qb5 26. Qb3 Qe8 27. c4 h5 28. Bf3 Kf7 29. gxh5 Rg8+ 30. Bg4 Qf8 31. Qf3 Qh6 32. Kh2 Rg5 33. b5 Rag8 34. bxa6 bxa6 35. Rab1 Bc5 36. Rb7 Rc8 37. Reb1 Ke7 38. Rb8 Rgg8 39. Rxc8 Rxc8 40. Kg2 Qg5 41. Qb3 e4 42. Re1 f3+ 43. Qxf3 Kd7 44. Qxe4 Qg7 45. Qe6+ Kd8 46. Qe8# 1-0

[Event "2026 Biel Blitz Open"]
[Site "Biel, CH"]
[Date "2026.07.19"]
[Round "6"]
[White "Ragios, Konstantinos"]
[Black "Omar, Noaman"]
[Result "0-1"]
[Board "20"]
[TimeControl "180+2"]
[WhiteFideId "4210484"]
[BlackFideId "9300244"]
[WhiteElo "1957"]
[BlackElo "2274"]
[BlackTitle "IM"]
[WhiteClock "0:00:49"]
[BlackClock "0:01:49"]
[Variant "Standard"]
[EndDate "2026.07.19"]
[EndTime "13:26:14"]

1. e4 c6 2. Nf3 d5 3. Nc3 Bg4 4. h3 Bh5 5. exd5 cxd5 6. d4 Nc6 7. Bb5 Bxf3 8. Qxf3 e6 9. O-O g6 10. Bf4 Bg7 11. Qe3 Nge7 12. Bh6 Nf5 13. Bxc6+ bxc6 14. Bg5 Nxe3 15. Bxd8 Nxf1 16. Bg5 h6 17. Bf4 g5 18. Bc1 Ng3 19. fxg3 Bxd4+ 20. Kf1 f5 21. Ne2 Be5 22. Rb1 Kd7 23. Be3 Bd6 24. Rd1 e5 25. Bc1 Ke6 26. Ng1 a5 27. Nf3 a4 28. Re1 c5 29. Rd1 Rhf8 30. Ke2 e4 31. Nd2 Bxg3 32. Nf1 Be5 33. Ne3 Rad8 0-1

[Event "2026 Biel Blitz Open"]
[Site "Biel, CH"]
[Date "2026.07.19"]
[Round "6"]
[White "Gluckman, David"]
[Black "Kwiatkowski, Maciej"]
[Result "1-0"]
[Board "21"]
[TimeControl "180+2"]
[WhiteFideId "14300010"]
[BlackFideId "1360175"]
[WhiteElo "2240"]
[BlackElo "1967"]
[WhiteTitle "IM"]
[WhiteClock "0:01:56"]
[BlackClock "0:01:04"]
[Variant "Standard"]
[EndDate "2026.07.19"]
[EndTime "13:26:54"]

1. Nf3 Nf6 2. c4 e6 3. g3 d5 4. Bg2 Be7 5. O-O O-O 6. b3 c6 7. d4 Nbd7 8. Bb2 Ne4 9. Nfd2 Nxd2 10. Nxd2 Nf6 11. Re1 Bb4 12. a3 Be7 13. Qc2 Bd7 14. e4 dxe4 15. Nxe4 Nxe4 16. Bxe4 h6 17. Qe2 Bf6 18. Rad1 Qb6 19. Bc2 Rad8 20. h4 Be8 21. Qe4 g6 22. h5 c5 23. dxc5 1-0

[Event "2026 Biel Blitz Open"]
[Site "Biel, CH"]
[Date "2026.07.19"]
[Round "6"]
[White "Kolly, Jacques"]
[Black "Osmani, Xhevdet"]
[Result "1/2-1/2"]
[Board "22"]
[TimeControl "180+2"]
[WhiteFideId "1302183"]
[BlackFideId "22104569"]
[WhiteElo "2203"]
[BlackElo "1959"]
[WhiteTitle "FM"]
[WhiteClock "0:03:02"]
[BlackClock "0:03:02"]
[Variant "Standard"]
[EndDate "2026.07.19"]
[EndTime "13:38:39"]

1. d4 c6 2. c4 d5 3. Nc3 Nf6 4. Nf3 e6 5. Bg5 Be7 6. e3 Nbd7 7. Qc2 b6 8. Bd3 Bb7 9. O-O O-O 10. a3 Rc8 11. cxd5 cxd5 12. Qa4 a6 13. Rac1 b5 14. Qb3 Nb6 15. Qa2 h6 16. Bh4 Nc4 17. a4 b4 18. Ne2 Nb6 19. b3 Nfd7 20. Bg3 Nf6 21. Qb1 Bd6 22. Ne5 Ne4 23. Bxe4 dxe4 24. Rxc8 Qxc8 25. Rc1 Qd8 26. Nc4 Bxg3 27. Nxg3 Nc8 28. Nxe4 Qd5 29. f3 f5 30. Nc5 Ne7 31. Nxb7 Qxb7 32. Qd3 Nd5 33. e4 fxe4 34. fxe4 Nc3 35. Rf1 Rxf1+ 36. Kxf1 Qxe4 37. Qxe4 Nxe4 38. Ke2 g5 39. Kd3 Nf6 40. Ne5 Nd5 41. Kc4 Ne3+ 42. Kxb4 Nxg2 43. Ka5 Kg7 44. Kxa6 Ne3 45. b4 g4 46. b5 h5 47. b6 h4 48. h3 1/2-1/2

[Event "2026 Biel Blitz Open"]
[Site "Biel, CH"]
[Date "2026.07.19"]
[Round "6"]
[White "Kelecevic, Nedeljko"]
[Black "Clausen, Martin"]
[Result "0-1"]
[Board "23"]
[TimeControl "180+2"]
[WhiteFideId "14400537"]
[BlackFideId "1314882"]
[WhiteElo "2150"]
[BlackElo "1956"]
[WhiteTitle "IM"]
[WhiteClock "0:01:17"]
[BlackClock "0:02:12"]
[Variant "Standard"]
[EndDate "2026.07.19"]
[EndTime "13:31:26"]

1. d4 Nf6 2. c4 c5 3. d5 b5 4. cxb5 a6 5. bxa6 g6 6. Nc3 Bxa6 7. Nf3 Bg7 8. e4 Bxf1 9. Kxf1 d6 10. g3 O-O 11. Kg2 Nbd7 12. h3 Qb6 13. Re1 Rfb8 14. e5 Ne8 15. e6 fxe6 16. dxe6 Ndf6 17. Re2 Nc7 18. Bg5 Qb7 19. Bxf6 Bxf6 20. Ne4 Bg7 21. Kh2 Qd5 22. Nc3 Qxf3 0-1

[Event "2026 Biel Blitz Open"]
[Site "Biel, CH"]
[Date "2026.07.19"]
[Round "6"]
[White "Gireada, Daniel"]
[Black "Garcia, Miguel"]
[Result "0-1"]
[Board "24"]
[TimeControl "180+2"]
[WhiteFideId "1206451"]
[BlackFideId "1317431"]
[WhiteElo "2148"]
[BlackElo "1938"]
[WhiteClock "0:00:04"]
[BlackClock "0:00:26"]
[Variant "Standard"]
[EndDate "2026.07.19"]
[EndTime "13:38:57"]

1. d4 Nf6 2. c4 g6 3. Nf3 Bg7 4. g3 O-O 5. Bg2 d6 6. Nc3 Nbd7 7. O-O c6 8. e4 Qc7 9. Re1 e5 10. dxe5 Nxe5 11. Nxe5 dxe5 12. c5 Rd8 13. Qc2 Be6 14. h3 h6 15. Be3 Rd7 16. Rad1 Rad8 17. b3 Nh5 18. Qc1 Kh7 19. Na4 Qc8 20. Kh2 Nf6 21. Nb2 Rxd1 22. Rxd1 Rxd1 23. Qxd1 Qd7 24. Qxd7 Nxd7 25. Bf1 Bf8 26. Na4 Nf6 27. Bd3 Kg7 28. Kg2 Ne8 29. Nb2 Nc7 30. Nc4 f6 31. Nd6 Bxd6 32. cxd6 Ne8 33. Bxa7 Nxd6 34. Bc5 Nb5 35. Kf3 Nc3 36. Ke3 Nxa2 37. Bc4 Bxc4 38. bxc4 Nc3 39. Kd3 Na4 40. Bb4 Nb6 41. c5 Nd7 42. Kc4 Kf7 43. Ba5 Ke6 44. f4 exf4 45. gxf4 f5 46. e5 g5 47. fxg5 hxg5 48. Bd8 g4 49. hxg4 fxg4 50. Bh4 Nxe5+ 51. Kc3 Nf3 52. Bg3 Kd5 53. Kd3 Kxc5 54. Ke3 Kd5 55. Kf4 Nd2 56. Kxg4 b5 57. Kf4 c5 58. Ke3 Nc4+ 59. Kd3 Nb6 60. Kc3 Na4+ 61. Kb3 Kd4 62. Bf2+ Kd3 63. Be1 Nb6 64. Ba5 Nd5 65. Bd8 c4+ 66. Kb2 b4 67. Ba5 c3+ 68. Kc1 b3 0-1

[Event "2026 Biel Blitz Open"]
[Site "Biel, CH"]
[Date "2026.07.19"]
[Round "6"]
[White "Floure, Alexan"]
[Black "Matsumura, Cocoro"]
[Result "0-1"]
[Board "25"]
[TimeControl "180+2"]
[WhiteFideId "1346610"]
[BlackFideId "36087114"]
[WhiteElo "1960"]
[BlackElo "2131"]
[BlackTitle "CM"]
[WhiteClock "0:00:05"]
[BlackClock "0:00:21"]
[Variant "Standard"]
[EndDate "2026.07.19"]
[EndTime "13:39:05"]

1. d4 d5 2. Nf3 Nf6 3. c4 e6 4. Nc3 a6 5. a4 Bb4 6. Bd2 O-O 7. e3 b6 8. Qb3 a5 9. Ne5 Bb7 10. cxd5 Nxd5 11. Bd3 Nd7 12. Nf3 c5 13. O-O cxd4 14. Nxd4 Nc5 15. Qc2 Nxd3 16. Qxd3 Rc8 17. Ncb5 Bc5 18. Rac1 Qh4 19. Nf3 Qh5 20. Qe2 Nf6 21. Nfd4 Qg6 22. f3 e5 23. Nb3 Be7 24. Bc3 Bd5 25. Nd2 e4 26. f4 Bc5 27. Bd4 Nd7 28. Rfd1 Bxd4 29. Nxd4 Nc5 30. b3 Nd3 31. Rb1 h6 32. Nf1 Rc3 33. Ng3 Rfc8 34. f5 Qg5 35. Qd2 h5 36. Nge2 R3c5 37. Nf4 Nxf4 38. exf4 Qf6 39. Qf2 h4 40. Qe3 Rc3 41. Qf2 e3 42. Qe2 Be4 43. Ra1 Qh6 44. Qg4 Qf6 45. Nf3 Rc2 46. Qg5 Qxg5 47. fxg5 h3 48. Ne1 Rb2 49. gxh3 Bxf5 50. Nf3 Bxh3 51. Rac1 Rxc1 52. Rxc1 Bg4 53. Nd4 e2 54. Kf2 Kh7 55. Re1 Kg6 56. h4 Kh5 57. Rh1 e1=Q+ 58. Kxe1 Rb1+ 59. Kf2 Rxh1 60. Kg3 Rg1+ 61. Kf2 Rd1 62. Nb5 Kxh4 63. Na7 Kxg5 64. Nc8 Rd2+ 65. Ke3 Re2+ 66. Kd3 Kf4 67. Nxb6 Re3+ 68. Kc4 Be6+ 69. Kd4 Rxb3 70. Kc5 Rxb6 0-1

[Event "2026 Biel Blitz Open"]
[Site "Biel, CH"]
[Date "2026.07.19"]
[Round "6"]
[White "Waelti, Thomas"]
[Black "Erne, Raphael"]
[Result "0-1"]
[Board "26"]
[TimeControl "180+2"]
[WhiteFideId "1303996"]
[BlackFideId "1341928"]
[WhiteElo "1940"]
[BlackElo "2128"]
[WhiteClock "0:00:05"]
[BlackClock "0:00:50"]
[Variant "Standard"]
[EndDate "2026.07.19"]
[EndTime "13:38:23"]

1. e4 c6 2. d4 d5 3. exd5 cxd5 4. Bd3 Nc6 5. Nf3 Bg4 6. c3 Qc7 7. O-O e6 8. h3 Bh5 9. Be3 Bd6 10. Nbd2 Nf6 11. Qa4 O-O 12. Rae1 a6 13. Qc2 Rac8 14. a3 Bg6 15. Bxg6 hxg6 16. Nb3 Na5 17. Nc5 Nc4 18. Bc1 Bxc5 19. dxc5 Qxc5 20. Ng5 Nd6 21. Be3 Qc6 22. Bd4 Nf5 23. Be3 d4 24. Bf4 dxc3 25. bxc3 Qxc3 26. Qxc3 Rxc3 27. g4 Ne7 28. Bd6 Re8 29. Rb1 b5 30. Rfd1 Ned5 31. a4 Rc4 32. axb5 Nc3 33. b6 Nxd1 34. b7 Nd7 35. Ra1 0-1

[Event "2026 Biel Blitz Open"]
[Site "Biel, CH"]
[Date "2026.07.19"]
[Round "6"]
[White "Coban, Ege"]
[Black "Ragavan, Samarth Rajesh"]
[Result "0-1"]
[Board "27"]
[TimeControl "180+2"]
[WhiteFideId "26320304"]
[BlackFideId "39918106"]
[WhiteElo "1936"]
[BlackElo "2101"]
[WhiteClock "0:00:16"]
[BlackClock "0:00:08"]
[Variant "Standard"]
[EndDate "2026.07.19"]
[EndTime "13:36:00"]

1. e4 c6 2. d4 d5 3. e5 c5 4. Nf3 cxd4 5. Qxd4 Nc6 6. Qf4 g6 7. Nc3 Bh6 8. Qg3 Bxc1 9. Rxc1 Nh6 10. Bd3 Nf5 11. Qf4 e6 12. h4 h5 13. O-O Bd7 14. Bxf5 gxf5 15. Nb5 Qb6 16. Nd6+ Kf8 17. Ng5 Be8 18. Rfe1 Qd4 19. Qg3 Rd8 20. Rcd1 Qg4 21. Qa3 Qb4 22. Qe3 d4 23. Qg3 Qxb2 24. Nxe6+ fxe6 25. Qg5 Rh7 26. Qf6+ Bf7 27. Rb1 Qc3 28. Rf1 b6 29. Rb3 Qc5 30. Re1 Rxd6 31. exd6 Qxd6 32. Qg5 Rg7 33. Qh6 Kg8 34. Rd1 Qd5 35. g3 Ne5 36. Qf4 Rg4 37. Qh6 Nf3+ 38. Kf1 Qc4+ 39. Rdd3 Ne5 40. Qd2 Nxd3 41. cxd3 Qc6 42. Rb2 Qh1+ 43. Ke2 Qd5 44. Rc2 Kg7 45. Rc7 f4 46. gxf4 e5 47. f5 e4 48. f6+ Kg6 49. Re7 e3 50. Qb4 exf2 51. Kxf2 Qg2+ 52. Ke1 Qg1+ 53. Kd2 Rg2+ 54. Re2 Qe3+ 55. Kc2 Qxe2+ 0-1